cohdb
Replays
Latest Replays
All Replays
Popular Replays
Top Player Replays
Match Explorer
How It Works
Community
CoH3 Stats
Reddit
Sign in to upload your games and track your stats! →
Sign in with Steam
Match 43654567
Unlisted
Match 43654567
Overview
Messages
Build Orders
End
Construct Barracks
1⁄4-ton 4x4 Truck
Riflemen Squad
M1 Mortar Team
Riflemen Squad
Riflemen Squad
Grenade Package
Mechanized Support Center
Construct Motor Pool
Riflemen Squad
Riflemen Squad
M24 Chaffee Light Tank
M24 Chaffee Light Tank
506767261
wula
子清
Hello
B1t
SkyCurv
CommieKillerz
감귤
0
0
Comments
sign in to comment!
No comments posted yet!